 Dungeon Crawl Stone Soup version 0.31-a0-640-g39d97e502b (webtiles) character file.

Game seed: 18098024034310332939

452 bjtr the Digger (level 7, -4/36 HPs)
             Began as a Gargoyle Earth Elementalist on Aug 29, 2023.
             Slain by an ogre
             ... wielding a +0 giant club
              (25 damage)
             ... on level 4 of the Dungeon.
             The game lasted 00:10:03 (3498 turns).

bjtr the Digger (Gargoyle Earth Elementalist)       Turns: 3498, Time: 00:10:05

Health: -4/36      AC: 10    Str: 12    XL:     7   Next: 5%
Magic:  10/12      EV: 11    Int: 23    God:
Gold:   264        SH:  0    Dex: 10    Spells: 3/13 levels left

rFire   . . .        w - +0 orcbow
rCold   . . .        (shield currently unavailable)
rNeg    + . .        h - +0 leather armour
rPois   ∞            (no helmet)
rElec   +            (no cloak)
rCorr   .            x - +1 pair of gloves
SInv    .            (no boots)
Will    .....        (no amulet)
Stlth   ++           z - +6 ring of intelligence
HPRegen 0.26/turn    (no ring)
MPRegen 0.13/turn

%: no passive effects
@: no status effects
A: sickness immunity, AC +4, negative energy resistance 1, electricity
resistance, torment resistance 1, petrification resistance
a: no special abilities


You were on level 4 of the Dungeon.
You visited 2 branches of the dungeon, and saw 5 of its levels.

You collected 264 gold pieces.

Inventory:

Hand Weapons
 c - a +0 dagger
 m - a +0 spear
 o - a +0 short sword of flaming
 q - a +0 falchion
 t - a +0 sling
 u - a +2 quarterstaff of speed
 w - a +0 orcbow (weapon)
 y - a +0 rapier
 C - a +0 flail
Missiles
 e - 11 poisoned darts
 f - 6 javelins
 n - 6 atropa-tipped darts
 B - 2 throwing nets
Armour
 a - a +0 robe
 h - a +0 leather armour (worn)
 x - a +1 pair of gloves (worn)
Jewellery
 z - a +6 ring of intelligence (left hand)
Scrolls
 d - a scroll of vulnerability {unknown}
 i - 2 scrolls of enchant armour {unknown}
 j - 5 scrolls of identify {unknown}
 k - a scroll of noise {unknown}
 l - a scroll of blinking {unknown}
 r - a scroll of poison {unknown}
Potions
 b - a potion of magic
 g - a potion of mutation {unknown}
 p - a potion of haste {unknown}
 s - a potion of might {unknown}
 v - a potion of attraction {unknown}
 A - 2 potions of lignification {unknown}


   Skills:
 + Level 1.1 Armour
 + Level 1.7 Dodging
 + Level 2.8 Stealth
 + Level 3.7 Spellcasting
 - Level 0.7 Transmutations
 * Level 7.7 Earth Magic


You had 3 spell levels left.
You knew the following spells:

 Your Spells              Type           Power      Damage    Failure   Level
a - Sandblast             Erth           80%        2d17      1%          1
b - Passwall              Tmut/Erth      19%        N/A       3%          2
c - Stone Arrow           Conj/Erth      44%        3d9       9%          3
d - Petrify               Tmut/Erth      23%        N/A       24%         4

Your spell library contained the following spells:

 Spells                   Type           Power      Damage    Failure   Level
 Ensorcelled Hibernation  Hex/Ice        8%         N/A       21%         2
 Ozocubu's Armour         Ice            4%         N/A       38%         3
 Swiftness                Air            4%         N/A       38%         3
 Anguish                  Hex/Necr       2%         N/A       80%         4
 Ozocubu's Refrigeration  Ice            2%         4d7       100%        7


Dungeon Overview and Level Annotations

Branches:
Dungeon (4/15)             Temple (1/1) D:4

Altars:
Ashenzari
Dithmenos
Elyvilon
Gozag
Hepliaklqana
Kikubaaqudgha
Makhleb
Nemelex Xobeh
Ru
Sif Muna
Trog
Uskayaw
Vehumet
Xom
Yredelemnul
Zin
The Shining One

Annotations:
D:4 exclusion: statue


Innate Abilities, Weirdness & Mutations

You are immune to sickness and miasma.
Your stone body is resilient. (AC +4)
You are immune to poison.
You resist negative energy. (rN+)
You are resistant to electric shocks. (rElec)
You are resistant to unholy torment.
You are immune to petrification.


Message History

Found a scroll labelled DINTEGOSOATY and 15 gold pieces.
Found a radiant altar of Vehumet.
Marking area around a charred statue as unsafe for travelling.
Press: ? - help, v - describe, . - travel
Here: a charred statue (dormant)
The floor.
Unknown command.
w - a +0 orcbow (weapon)
Fire: w) +0 orcbow
Press: ? - help, Q - select action, (/) - cycle Shift-Dir - straight line, f - charred statue
Aim: a charred statue (dormant, 98% to hit)
You shoot an arrow. The arrow hits the charred statue!
The charred statue is severely damaged.
You hear a shout!
An ogre comes into view. It is wielding a +0 giant club.
Fire: w) +0 orcbow
Press: ? - help, Q - select action, (/) - cycle Shift-Dir - straight line, f/p - charred statue
Aim: a charred statue (severely damaged, 91% to hit)
You shoot an arrow.
The arrow hits the ogre but does no damage.
The ogre hits you with a +0 giant club!
Casting: Sandblast (safe; 1% risk of failure)
Confirm with . or Enter, or press ? or * to list all spells.
Aiming: Sandblast (safe; 1% risk of failure)
Press: ? - help, Shift-Dir - straight line, f - ogre, p - charred statue
Aim: an ogre, wielding a +0 giant club (93% to hit)
The blast of sand hits the ogre!
The ogre is moderately wounded.
The ogre closely misses you.
Unknown command.
Casting: Sandblast (safe; 1% risk of failure)
Confirm with . or Enter, or press ? or * to list all spells.
Aiming: Sandblast (safe; 1% risk of failure)
Press: ? - help, Shift-Dir - straight line, f/p - ogre
Aim: an ogre, wielding a +0 giant club (moderately wounded, 93% to hit)
The blast of sand hits the ogre!
The ogre is almost dead.
The ogre hits you with a +0 giant club!!
Ouch! That really hurt!
You die...

##########
#........#
#.######.# #
#.#....#.# #
##.#.#..#.### #
#...........# #
#.#########.######
#@# #.#.....
##.O?.$_.8 #...##..
#..#...... #.#.##..
#..#########...##..
#...)........####..
#.#.........#######
#....>......#......
###.........#......
#.........#.##...


You could see a charred statue and an ogre.

Vanquished Creatures
  Grinder (D:4)
  An ice beast (D:3)
  Terence (D:3)
  6 gnolls (D:4)
  2 dart slugs
  3 orcs (D:3)
  6 endoplasms
  4 giant cockroaches
  18 goblins
  8 hobgoblins
  A kobold (D:3)
  4 quokkas
  A ball python (D:4)
  5 bats
  4 frilled lizards
  5 rats
70 creatures vanquished.

Notes
Turn   | Place    | Note
-------+----------+-------------------------------------------
     0 | D:1      | bjtr the Gargoyle Earth Elementalist began the quest for
                  | the Orb.
     0 | D:1      | Reached XP level 1. HP: 10/10 MP: 3/3
   147 | D:1      | Reached skill level 4 in Earth Magic
   209 | D:1      | Reached XP level 2. HP: 15/15 MP: 0/5
   908 | D:2      | Reached XP level 3. HP: 19/19 MP: 1/6
  1083 | D:2      | Learned a level 2 spell: Passwall
  1087 | D:2      | Learned a level 3 spell: Stone Arrow
  1393 | D:3      | Reached skill level 5 in Earth Magic
  1529 | D:3      | Noticed Terence
  1571 | D:3      | Killed Terence
  1572 | D:3      | Reached XP level 4. HP: 20/24 MP: 2/7
  1703 | D:3      | Noticed an ice beast
  1845 | D:3      | Killed an ice beast
  1846 | D:3      | Reached skill level 6 in Earth Magic
  1846 | D:3      | Reached XP level 5. HP: 3/28 MP: 3/9
  2758 | D:4      | Noticed Grinder
  2766 | D:4      | Killed Grinder
  2767 | D:4      | Reached skill level 1 in Armour
  2767 | D:4      | Reached skill level 7 in Earth Magic
  2767 | D:4      | Reached XP level 6. HP: 24/32 MP: 6/11
  2784 | D:4      | Learned a level 4 spell: Petrify
  2911 | D:4      | Found a hazy altar of Hepliaklqana.
  2959 | D:4      | Found a staircase to the Ecumenical Temple.
  2968 | Temple   | Entered the Ecumenical Temple
  3039 | D:4      | Reached XP level 7. HP: 36/36 MP: 8/12
  3159 | D:4      | Found a glowing golden altar of the Shining One.
  3159 | D:4      | Found a sparkling altar of Nemelex Xobeh.
  3305 | D:4      | Found a hide-covered altar of Uskayaw.
  3493 | D:4      | Found a radiant altar of Vehumet.
  3498 | D:4      | Slain by an ogre

Illustrated notes

Levels and vault maps discovered:
D:1:      minmay_arrival_doors, layout_basic
D:2:      layout_rooms
D:3:      cheibrodos_greedy_goblins, layout_rooms, minmay_distorted,
          uniq_terence
D:4:      layout_basic, nicolae_hepliaklqana_hazy_memory, marbit_many_paths,
          gammafunk_temple_overflow_statue, vehumet_statue,
          minmay_temple_entry_stoned_glass, uniq_grinder
Temple:   nicolae_temple_ecumenical_triangle

Skill      XL: |  1  2  3  4  5 |
---------------+----------------+-----
Earth Magic    | 4 5 6 7 |  7.7
Spellcasting   | 3 |  3.7
Armour         | 1 |  1.1
Dodging        | |  1.7
Stealth        | |  2.8
Transmutations | |  0.7

Action                     |  1- 3 |  4- 6 |  7- 9 || total
---------------------------+-------+-------+-------++-------
  Melee: Dagger            |     8 |       |       ||     8
         Short sword       |       |    21 |       ||    21
         Quarterstaff      |       |    10 |     1 ||    11
   Fire: Orcbow            |       |       |     2 ||     2
  Throw: Dart              |     3 |       |       ||     3
   Cast: Sandblast         |    48 |    44 |     8 ||   100
   Stab: Sleeping          |       |     1 |       ||     1
 Armour: Robe              |     3 |       |       ||     3
         Leather armour    |     3 |    24 |       ||    27
  Dodge: Dodged            |    11 |    33 |     1 ||    45

Table legend: (Time is in decaauts)
 A = Elapsed time spent in this place.
 B = Non-inter-level travel time spent in this place.
 C = Inter-level travel time spent in this place.
 D = Time resting spent in this place.
 E = Time spent auto-exploring this place.
 F = Levels seen in this place.
 G = Mean time per level.
                   A        B        C        D        E       F      G
               +--------+--------+--------+--------+--------+-----+--------+
         Total |   3543 |   3411 |    132 |    310 |   2445 |   5 |  708.6 |
       Dungeon |   3534 |   3402 |    132 |    310 |   2445 |   4 |  883.5 |
        Temple |      9 |      9 |      0 |      0 |      0 |   1 |    9.0 |
               +--------+--------+--------+--------+--------+-----+--------+

Top non-repeatable levels by time:
     D:4: 1107 daAuts
     D:3: 1082 daAuts
     D:1: 838 daAuts
     D:2: 505 daAuts
  Temple: 9 daAuts
